 Dungeon Sprint DCSS version 0.31.0-9-g3a7656b989 (webtiles) character file.

Game seed: 11015624288390458450

44 Heoruswealwe the Poker (level 3, -1/36 HPs)
             Began as a Minotaur Fighter on Feb 4, 2024.
             Slain by a hound (4 damage)
             ... in the Dungeon (Sprint IX: "|||||||||||||||||||||||||||||").
             The game lasted 00:00:29 (53 turns).

Heoruswealwe the Poker (Minotaur Fighter)             Turns: 53, Time: 00:00:29

Health: -1/36      AC:  7    Str: 22    XL:     3   Next: 41%
Magic:  2/2        EV:  9    Int:  5    God:
Gold:   0          SH:  4    Dex:  9    Spells: 2/2 levels left

rFire   . . .        a - +0 trident
rCold   . . .        d - +0 buckler
rNeg    . . .        c - +0 scale mail
rPois   .            (helmet restricted)
rElec   .            (no cloak)
rCorr   .            (no gloves)
SInv    .            (no boots)
Will    .....        (no amulet) Stlth
                     (no ring)
HPRegen 0.26/turn    (no ring)
MPRegen 0.08/turn

%: no teleportation
@: on fire, glowing
A: horns 2, retaliatory headbutt
a: no special abilities


You were in the Dungeon.
You visited 1 branch

Inventory:

Hand Weapons
 a - a +0 trident (weapon)
Armour
 c - a +0 scale mail (worn)
 d - a +0 buckler (worn)
Scrolls
 j - a scroll of blinking
Potions
 b - a potion of might
 e - a potion of curing
 g - a potion of haste
 h - 2 potions of magic
 i - a potion of berserk rage


   Skills:
 + Level 5.4 Fighting
 * Level 6.2 Polearms
 + Level 5.4 Armour
 - Level 3.6 Shields


You had 2 spell levels left.
You didn't know any spells.
Your spell library was empty.

Dungeon Overview and Level Annotations

Branches:
Dungeon (1/1)

Altars:


Innate Abilities, Weirdness & Mutations

You have a pair of horns on your head.
You reflexively headbutt those who attack you in melee.


Message History

You block the bombardier beetle's attack.
You barely miss the bombardier beetle.
Your headbutt misses the bombardier beetle.
The bombardier beetle is lightly wounded.
The liquid fire burns you!
You puncture the bombardier beetle!
The bombardier beetle is heavily wounded.
The liquid fire burns you!
The bombardier beetle bites you but does no damage.
You hit the bombardier beetle. You headbutt the bombardier beetle!
You kill the bombardier beetle!
The liquid fire burns you!
* * * LOW HITPOINT WARNING * * *
The hound bites you but does no damage.
Your Fighting skill increases to level 5!
Your Polearms skill gained 2 levels and is now at level 6!
Your Armour skill increases to level 5!
You have reached level 2!
You have reached level 3!
Your experience leads to an increase in your attributes!
Increase (S)trength, (I)ntelligence, or (D)exterity?
You feel stronger. x2
You feel much better. The liquid fire burns you!
The hound bites you but does no damage.
You hit the hound. Your headbutt misses the hound.
The hound is lightly wounded.
The liquid fire burns you! The hound closely misses you.
The hound bites you but does no damage.
You puncture the hound!
The hound is heavily wounded.
The liquid fire burns you! The hound bites you.
* * * LOW HITPOINT WARNING * * *
You closely miss the hound.
The hound is heavily wounded.
The liquid fire burns you!
* * * LOW HITPOINT WARNING * * *
The hound bites you.
You die... ▓▓▓▓▓▓▓▓▓▓▓▓▓▓▓▓▓▓ ▓<...)†...@hshO..+ ▓▓▓▓▓▓▓▓▓▓▓▓▓▓▓▓▓▓

You could see a black bear, an ogre, a scorpion and a hound.

Vanquished Creatures
  A bombardier beetle (D)
  A dart slug (D)
  An endoplasm (D)
  A quokka (D)
  A frilled lizard (D)
  A kobold (D)
6 creatures vanquished.

Notes
Turn   | Place    | Note
-------+----------+-------------------------------------------
     0 | D        | Heoruswealwe the Minotaur Fighter began the quest for the
                  | Orb.
     0 | D        | Reached XP level 1. HP: 19/19 MP: 0/0
     7 | D        | Reached skill level 3 in Polearms
    18 | D        | Reached skill level 4 in Polearms
    43 | D        | Noticed a bombardier beetle
    43 | D        | Noticed a hound
    43 | D        | Noticed a scorpion
    43 | D        | Noticed a black bear
    43 | D        | Noticed an ogre
    49 | D        | Killed a bombardier beetle
    50 | D        | Reached skill level 5 in Fighting
    50 | D        | Reached skill level 6 in Polearms
    50 | D        | Reached skill level 5 in Armour
    50 | D        | Reached XP level 2. HP: 5/29 MP: 1/1
    50 | D        | Reached XP level 3. HP: 7/36 MP: 2/2
    53 | D        | Slain by a hound

Illustrated notes

Levels and vault maps discovered:
D:        linesprint [early_d, line_temple, items_1, d_10, items_2, lair_1,
          lair_end, items_3, orc_1, orc_end, items_4, d_15, swamp_1, shoals_1,
          snake_1, spider_1, d_20, vaults_1, items_5, swamp_end, shoals_end,
          snake_end, spider_end, vaults_end, d_27, items_6, zot_1, zot_end,
          crypt_end, forest_end, elf_end, slime_end, tomb_end, abyss_end,
          pan_hell_end]

Skill      XL: |  1 |
---------------+----+-----
Polearms       | 6 |  6.2
Fighting       | 5 |  5.4
Armour         | 5 |  5.4
Shields        | |  3.6

Action                     || total
---------------------------++-------
  Melee: Trident           ||    22
         Headbutt          ||     3
    Use: Potion            ||     1
 Armour: Scale mail        ||    10
  Dodge: Dodged            ||     6
  Block: Buckler           ||     3
